 Dungeon Crawl Stone Soup version 0.30-a0-6-g7c9e10e132 (webtiles) character file.

Game seed: 12173732172582095662

20043 SensoryNuts the Severer (level 12, -26/91 HPs)
             Began as a Demonspawn Fighter on Aug 22, 2022.
             Annihilated by a very large slime creature (49 damage)
             ... on level 11 of the Dungeon.
             The game lasted 00:22:37 (10276 turns).

SensoryNuts the Severer (Demonspawn Fighter)       Turns: 10276, Time: 00:22:38

Health: -26/91     AC: 23    Str: 26    XL:     12   Next: 41%
Magic:  12/12      EV:  7    Int: 11    God:
Gold:   467        SH: 10    Dex: 17    Spells: 11/11 levels left

rFire   . . .      SeeInvis +    E - +2 war axe (freeze)
rCold   . . .      Faith    .    n - +0 kite shield
rNeg    . . .      Spirit   .    X - +4 plate armour of the Shining Light {rCorr}
rPois   +          Reflect  .    V - +0 helmet {SInv}
rElec   .          Harm     .    N - +0 cloak
rCorr   +          Rampage  .    q - +1 pair of gloves
Will    .....                    (boots unavailable)
Stlth   ..........               (no amulet)
HPRegen 1.05/turn                R - +6 ring of strength
MPRegen 0.13/turn                C - ring "Xiown" {rCorr Dex+4}

@: no status effects
A: hooves 3, yellow scales 1, ignite blood 2, spiny 1, poison resistance,
regeneration 1
a: no special abilities


You were on level 11 of the Dungeon.
You visited 1 branch of the dungeon, and saw 12 of its levels.
You also visited: Ossuary and Gauntlet.

You collected 719 gold pieces.
You spent 252 gold pieces at shops.

Inventory:

Hand Weapons
 a - a +1 war axe
 E - a +2 war axe of freezing (weapon)
Missiles
 g - a throwing net (quivered)
Armour
 n - a +0 kite shield (worn)
 q - a +1 pair of gloves (worn)
 J - a +0 troll leather armour
 N - a +0 cloak (worn)
 V - a +0 helmet of see invisible (worn)
 X - the +4 plate armour of the Shining Light (worn) {rCorr}
   (You found it in a Gauntlet)

   rCorr:     It protects you from acid and corrosion.
Jewellery
 b - an amulet of reflection
 i - a +6 ring of dexterity
 x - a +6 ring of intelligence
 y - a ring of ice
 C - the ring "Xiown" (right hand) {rCorr Dex+4}
   (You acquired it on level 7 of the Dungeon)

   [ring of resist corrosion]

   Dex:       It affects your dexterity (+4).
   rCorr:     It protects you from acid and corrosion.
 K - an amulet of faith
 M - a ring of protection from cold
 O - an amulet of the acrobat
 P - a +4 ring of slaying
 R - a +6 ring of strength (left hand)
 S - a +6 ring of dexterity
Wands
 h - a wand of flame (50)
 p - a wand of charming (19)
 H - a wand of roots (9)
 Q - a wand of polymorph (4)
 T - a wand of acid (7)
Scrolls
 c - a scroll of blinking
 k - 6 scrolls of poison
 r - 2 scrolls of amnesia
 v - 6 scrolls of teleportation
 w - 2 scrolls of noise
 A - 2 scrolls of magic mapping
 B - 2 scrolls of summoning
 D - 2 scrolls of identify
 F - 4 scrolls of butterflies
 I - 2 scrolls of torment
 U - a scroll of fear
Potions
 d - a potion of might
 e - 4 potions of mutation
 f - a potion of magic
 j - 2 potions of ambrosia
 l - 6 potions of heal wounds
 m - 5 potions of haste
 o - 2 potions of flight
 s - a potion of invisibility
 t - 6 potions of brilliance
 u - 8 potions of degeneration
 z - 6 potions of curing
 G - 4 potions of lignification
 L - a potion of resistance
Miscellaneous
 W - a box of beasts (inert)


   Skills:
 + Level 7.5 Fighting
 * Level 16.1 Axes
 + Level 5.7 Armour
 + Level 4.1 Dodging
 + Level 2.4 Stealth
 + Level 6.6 Shields


You had 11 spell levels left.
You didn't know any spells.
Your spell library contained the following spells:

 Spells                   Type           Power      Damage    Failure   Level
 Apportation              Tloc           0%         N/A       100%        1
 Magic Dart               Conj           0%         1d3       100%        1
 Necrotise                Necr           0%         1d4       100%        1
 Summon Small Mammal      Summ           0%         N/A       100%        1
 Blink                    Tloc           0%         N/A       100%        2
 Ensorcelled Hibernation  Hex/Ice        0%         N/A       100%        2
 Passwall                 Tmut/Erth      0%         N/A       100%        2
 Searing Ray              Conj           0%         2d4       100%        2
 Dazzling Flash           Conj/Hex       0%         N/A       100%        3
 Ignite Poison            Fire/Tmut/Pois 0%         N/A       100%        3
 Inner Flame              Hex/Fire       0%         N/A       100%        3
 Lesser Beckoning         Tloc           0%         N/A       100%        3
 Mephitic Cloud           Conj/Pois/Air  0%         N/A       100%        3
 Swiftness                Air            0%         N/A       100%        3
 Tukima's Dance           Hex            0%         N/A       100%        3
 Cause Fear               Hex            0%         N/A       100%        4
 Fulminant Prism          Conj/Hex       0%         3d6       100%        4
 Passage of Golubria      Tloc           0%         N/A       100%        4
 Agony                    Necr           0%         N/A       100%        5
 Alistair's Intoxication  Tmut/Pois      0%         N/A       100%        5
 Borgnjor's Vile Clutch   Necr/Erth      0%         N/A       100%        5
 Freezing Cloud           Conj/Ice/Air   0%         6-21      100%        5
 Manifold Assault         Tloc           0%         N/A       100%        5
 Silence                  Hex/Air        0%         N/A       100%        5
 Yara's Violent Unravell  Hex/Tmut       0%         3d3       100%        5
 Eringya's Noxious Bog    Tmut/Pois      0%         N/A       100%        6
 Discord                  Hex            0%         N/A       100%        8


Dungeon Overview and Level Annotations

Branches:
Dungeon (12/15)            Temple (0/1) D:6            Lair (0/5) D:10
    Orc (0/2) D:9         Ossuary (visited)         Gauntlet (visited)

Altars:
Dithmenos
Kikubaaqudgha
Nemelex Xobeh
Sif Muna
Xom

Shops:
D:6 *   D:9 :(=*


Innate Abilities, Weirdness & Mutations

You have hooves in place of feet.
You are partially covered in yellow scales. (AC +2)
Your demonic aura often causes spilled blood to erupt in flames.
You are partially covered in sharp spines.
Your system is resistant to poisons. (rPois)
Your natural rate of healing is unusually fast.


Message History

You kick the large slime creature!
The large slime creature is heavily wounded.
The large slime creature is struck by your spines.
The large slime creature hits you!!
* * * LOW HITPOINT WARNING * * *
Two slime creatures merge to form a very large slime creature.
You are too injured to fight recklessly!
You are too injured to fight recklessly!
Unknown command.
You climb upwards.
There is a stone staircase leading down here.
Unknown command.
You see here a vampire mosquito corpse.
Things that are here:
a +0 giant spiked club; a +0 giant club; a two-headed ogre corpse You block the very large slime creature's attack.
You see here a vampire mosquito corpse.
You slash the very large slime creature!
You freeze the very large slime creature.
You kick the very large slime creature!
The very large slime creature is heavily wounded.
The very large slime creature is struck by your spines.
The very large slime creature hits you!
* * * LOW HITPOINT WARNING * * *
You hit the very large slime creature but do no damage.
You kick the very large slime creature!
The very large slime creature is heavily wounded.
You block the very large slime creature's attack.
You hit the very large slime creature.
You freeze the very large slime creature.
The very large slime creature is severely wounded.
The very large slime creature barely misses you.
You slash the very large slime creature!
You freeze the very large slime creature.
You kick the very large slime creature.
The very large slime creature is severely wounded.
The very large slime creature is struck by your spines.
The very large slime creature hits you!!!
Ouch! That really hurt!
You die...

###### #....# #....# #....#
###....# #### ###.#....# ### #...
#.#...#+########.######...
#...>...J@).....#.........
########.#...#.######.##..###....
...............# ###.##..#.###...
.............#.###..##(.###......
.........##........##..##.##.....
.......).......#..##..##...##.#.#
......).########.##..##..#..##...
#####..<........##..##..###..##..
##.†[......##..##..##.##..##.


You could see a very large slime creature.

Vanquished Creatures
  A minotaur (Gauntlet)
  An ogre mage (D:11)
  A centaur warrior (D:11)
  A two-headed ogre (D:11)
  A soul eater (Gauntlet)
  A fire crab (Gauntlet)
  Amaemon (D:10)
  3 cyclopes (D:11)
  An orange demon (D:10)
  2 komodo dragons
  4 trolls
  A tengu conjurer (D:11)
  A hornet (D:9)
  Grinder (D:5)
  2 slime creatures (D:11)
  10 yaks
  A wyvern (D:9)
  A shadow (D:10)
  3 wraiths
  3 fire bats (Gauntlet)
  20 vampire mosquitoes
  4 steam dragons
  A water moccasin (D:10)
  An acid dragon (D:9)
  5 black bears
  A floating eye (Gauntlet)
  2 ice beasts
  4 orc warriors
  2 sky beasts
  An ogre (D:6)
  8 centaurs
  3 kobold brigands
  Blork the orc (D:6)
  5 bullfrogs
  2 necrophages
  5 scorpions
  12 wights
  6 killer bees (D:6)
  2 howler monkeys
  3 hounds
  2 jellies (D:4)
  6 small abominations (Gauntlet)
  4 orc priests
  A gnoll bouda (D:7)
  An iguana (D:4)
  Ijyb (D:3)
  6 orc wizards
  16 gnolls
  3 adders
  5 shadow imps
  A white imp (D:5)
  An ufetubus (D:4)
  A worm (D:5)
  31 orcs
  3 ball pythons
  19 endoplasms
  4 giant cockroaches
  18 goblins
  7 hobgoblins
  18 jackals
  2 quokkas
  2 ball python skeletons (Ossuary)
  4 bats
  4 frilled lizards
  A hobgoblin skeleton (Ossuary)
  23 kobolds
  2 kobold zombies (Ossuary)
  An orc skeleton (Ossuary)
  4 orc zombies (Ossuary)
  5 rats
324 creatures vanquished.

Vanquished Creatures (collateral kills)
  A shining eye (Gauntlet)
  A golden eye (Gauntlet)
2 creatures vanquished.

Vanquished Creatures (others)
  A yak (D:11)
  3 kobolds (D:8)
  14 demonic plants (Gauntlet)
  26 fungi
  22 plants (D:10)
  10 toadstools (D:4)
76 creatures vanquished.

Grand Total: 402 creatures vanquished

Notes
Turn   | Place    | Note
-------+----------+-------------------------------------------
     0 | D:1      | SensoryNuts the Demonspawn Fighter began the quest for the
                  | Orb.
     0 | D:1      | Reached XP level 1. HP: 18/18 MP: 1/1
   147 | D:1      | Gained mutation: You are partially covered in yellow
                  | scales. (AC +2) [demonic ancestry]
   147 | D:1      | Reached XP level 2. HP: 10/24 MP: 2/2
   330 | D:1      | Reached skill level 2 in Axes
   824 | D:1      | You fall into a shaft and drop 1 floor!
   980 | D:2      | Gained mutation: You have large cloven feet. [demonic
                  | ancestry]
   980 | D:2      | Reached XP level 3. HP: 27/29 MP: 3/3
  1396 | D:2      | Found a faded altar of an unknown god.
  1759 | D:2      | Gained mutation: You have hoof-like feet. [potion of
                  | mutation]
  1759 | D:2      | Gained mutation: Your system is resistant to poisons.
                  | (rPois) [potion of mutation]
  1759 | D:2      | Gained mutation: Your natural rate of healing is unusually
                  | fast. [potion of mutation]
  1904 | D:3      | Reached skill level 3 in Axes
  1910 | D:3      | Gained mutation: Your demonic aura sometimes causes spilled
                  | blood to erupt in flames. [demonic ancestry]
  1910 | D:3      | Reached XP level 4. HP: 32/35 MP: 4/4
  2076 | D:3      | Noticed Ijyb
  2095 | D:3      | Killed Ijyb
  2246 | D:3      | Reached skill level 4 in Axes
  2246 | D:3      | Mutation became permanent: You have large cloven feet.
                  | [demonic ancestry]
  2246 | D:3      | Gained mutation: You have hoof-like feet. [demonic
                  | ancestry]
  2246 | D:3      | Reached XP level 5. HP: 41/41 MP: 5/5
  2521 | D:4      | Reached XP level 6. HP: 37/48 MP: 6/6
  2643 | D:4      | Reached skill level 5 in Axes
  2644 | D:4      | Reached skill level 1 in Dodging
  2884 | D:4      | Reached skill level 12 in Axes
  2884 | D:4      | Gained mutation: You have hooves in place of feet. [demonic
                  | ancestry]
  2884 | D:4      | Reached XP level 7. HP: 53/53 MP: 7/7
  3474 | D:5      | Entered Level 5 of the Dungeon
  3502 | D:5      | Gained mutation: Your demonic aura often causes spilled
                  | blood to erupt in flames. [demonic ancestry]
  3502 | D:5      | Reached XP level 8. HP: 60/60 MP: 8/8
  3709 | D:5      | Noticed Grinder
  3716 | D:5      | Paralysed by Grinder for 3 turns
  3722 | D:5      | Paralysed by Grinder for 4 turns
  3726 | D:5      | Killed Grinder
  4099 | D:6      | Noticed an angel
  4101 | D:6      | Found Archueso's Hallowed Reliquary.
  4113 | D:6      | Bought a potion of heal wounds for 70 gold pieces
  4113 | D:6      | Bought a potion of heal wounds for 70 gold pieces
  4113 | D:6      | Bought a potion of curing for 42 gold pieces
  4113 | D:6      | Bought a potion of heal wounds for 70 gold pieces
  4161 | D:6      | Noticed Blork the orc
  4172 | D:6      | Killed Blork the orc
  4186 | D:6      | Found a sand-covered staircase.
  4195 | Ossuary  | Entered an ossuary
  4282 | Ossuary  | Noticed a flying skull
  4289 | Ossuary  | Noticed a flying skull
  4293 | Ossuary  | Noticed a flying skull
  4318 | Ossuary  | Noticed a flying skull
  4409 | Ossuary  | Reached skill level 13 in Axes
  4409 | Ossuary  | Reached XP level 9. HP: 57/65 MP: 9/9
  4630 | D:6      | Noticed a komodo dragon
  4653 | D:6      | Killed a komodo dragon
  5297 | D:6      | Found a staircase to the Ecumenical Temple.
  5416 | D:7      | Found a shadowy altar of Dithmenos.
  5544 | D:7      | Found a shimmering altar of Xom.
  5697 | D:7      | Found a sparkling altar of Nemelex Xobeh.
  5876 | D:7      | Reached skill level 5 in Fighting
  6046 | D:7      | Identified a scroll of acquirement
  6046 | D:7      | Acquired the ring "Xiown" {rCorr Dex+4}
  6078 | D:8      | Reached XP level 10. HP: 74/74 MP: 10/10
  6556 | D:9      | Reached skill level 1 in Stealth
  6578 | D:9      | Found Esmuz's Jewellery Shop.
  6623 | D:9      | Reached skill level 14 in Axes
  6625 | D:9      | Found Tarhi Larch's Weapon Emporium.
  6699 | D:9      | Reached skill level 5 in Armour
  6782 | D:9      | Found Huhoece's Assorted Antiques.
  7096 | D:9      | Found a staircase to the Orcish Mines.
  7221 | D:9      | Found Barileot's Book Boutique.
  7445 | D:10     | Entered Level 10 of the Dungeon
  7514 | D:10     | Reached XP level 11. HP: 58/81 MP: 11/11
  7562 | D:10     | Found an ancient bone altar of Kikubaaqudgha.
  7567 | D:10     | Found a shimmering blue altar of Sif Muna.
  7773 | D:10     | Noticed Amaemon
  7782 | D:10     | Killed Amaemon
  7905 | D:10     | Reached skill level 5 in Shields
  8052 | D:10     | Found a staircase to the Lair.
  8442 | D:11     | Noticed a centaur warrior
  8504 | D:11     | Killed a centaur warrior
  8505 | D:11     | Reached skill level 15 in Axes
  8572 | D:11     | Noticed an ogre mage
  8754 | D:11     | Identified the +7 falchion of the Equinox {drain, *Slow
                  | Int+4}
  8929 | D:11     | Killed an ogre mage
  9444 | D:12     | Noticed a two-headed ogre
  9460 | D:12     | Found a gate leading to a gauntlet.
  9469 | Gauntlet | Entered a Gauntlet
  9469 | Gauntlet | Noticed a reaper
  9469 | Gauntlet | Found a transporter.
  9469 | Gauntlet | Found a transporter.
  9469 | Gauntlet | Found a transporter.
  9495 | Gauntlet | Found a transporter.
  9498 | Gauntlet | Noticed a death yak
  9502 | Gauntlet | Noticed a necromancer
  9507 | Gauntlet | Found a transporter.
  9514 | Gauntlet | Found a transporter.
  9524 | Gauntlet | Noticed a death yak
  9526 | Gauntlet | Noticed a death yak
  9531 | Gauntlet | Found a transporter.
  9537 | Gauntlet | Noticed a shining eye
  9547 | Gauntlet | Noticed a fire crab
  9551 | Gauntlet | Found a transporter.
  9576 | Gauntlet | Found a transporter.
  9584 | Gauntlet | Noticed a soul eater
  9594 | Gauntlet | Found a transporter.
  9636 | Gauntlet | Found a transporter.
  9646 | Gauntlet | Found a transporter.
  9818 | Gauntlet | Gained mutation: You are partially covered in sharp spines.
                  | [demonic ancestry]
  9818 | Gauntlet | Reached XP level 12. HP: 68/89 MP: 12/12
 10056 | Gauntlet | Noticed a minotaur
 10066 | Gauntlet | Killed a minotaur
 10069 | Gauntlet | Identified the +4 plate armour of the Shining Light {rCorr}
 10210 | D:11     | Killed a two-headed ogre
 10211 | D:11     | Reached skill level 16 in Axes
 10276 | D:11     | Annihilated by a very large slime creature

Illustrated notes

Levels and vault maps discovered:
D:1:      elethiomel_arrival_quiet, layout_basic, moated_statue, minivault_24
D:2:      layout_basic, nicolae_ecumenical_oubliette, minivault_11, st_stairs_3
D:3:      kennysheep_goblin_castle, layout_loops_ring, st_stairs_13,
          kennysheep_pointless_box, roderic_roman_lattice, moated_statue
D:4:      cheibrodos_fertilizer, layout_loops_ring, hex_medium
D:5:      layout_basic, uniq_grinder
D:6:      layout_loops_ring, minmay_temple_entry_nine_rooms,
          chequers_ossuary_entry_cave, corexii_checkpoint_b, nicolae_good_shop,
          uniq_blork_the_orc
D:7:      layout_loops_ring, mainiacjoe_overflow_concentric_impassable,
          mainiacjoe_overflow_large_starburst
D:8:      layout_cave_pools
D:9:      corexii_shack_village, layout_irregular_city, orc_0_dummy,
          serial_shops, nicolae_shop_overgrown_old_shop,
          nicolae_shop_behind_doors, nicolae_shop_window_shopping, shop
D:10:     layout_stronghold, lemuel_crystal_altar,
          mainiacjoe_overflow_boulevard, due_lair_maze_entry_diamond,
          uniq_amaemon
D:11:     layout_basic, minmay_diamond_spiral
D:12:     layout_rooms, gauntlet_entry_generic, minmay_misc_feat_roman

Skill      XL: |  1  2  3  4  5  6  7  8  9 10 11 12 |
---------------+-------------------------------------+-----
Axes           | 2 3 4 12 13 14 15 16 | 16.1
Shields        | 3 4 6 |  6.6
Armour         | 3 4 5 |  5.7
Dodging        | 1 2 3 4 |  4.1
Fighting       | 4 5 6 7 |  7.5
Stealth        | 1 2 |  2.4

Action                   |  1- 3 |  4- 6 |  7- 9 | 10-12 || total
-------------------------+-------+-------+-------+-------++-------
Melee: War axe           |    94 |   119 |   261 |   318 ||   792
       Kick              |     5 |    31 |    69 |   121 ||   226
Evoke: Box of beasts     |       |       |       |     1 ||     1
  Use: Potion            |     6 |     2 |     3 |     4 ||    15
       Scroll            |     3 |     5 |     7 |     3 ||    18
 Stab: Sleeping          |       |       |       |     3 ||     3
       Invisible         |       |       |       |     1 ||     1
Armor: Scale mail        |    41 |    66 |    84 |    33 ||   224
       Troll leather arm |       |       |       |    78 ||    78
       Plate armour      |       |       |       |    11 ||    11
Dodge: Dodged            |    33 |    73 |    64 |   140 ||   310
Block: Buckler           |    27 |    40 |     2 |       ||    69
       Kite shield       |       |       |   113 |   209 ||   322

Table legend: (Time is in decaauts)
 A = Elapsed time spent in this place.
 B = Non-inter-level travel time spent in this place.
 C = Inter-level travel time spent in this place.
 D = Time resting spent in this place.
 E = Time spent auto-exploring this place.
 F = Levels seen in this place.
 G = Mean time per level.
                   A        B        C        D        E       F      G
               +--------+--------+--------+--------+--------+-----+--------+
         Total |  10337 |   9799 |    538 |    412 |   7045 |  14 |  738.4 |
       Dungeon |   9332 |   8794 |    538 |    383 |   6608 |  12 |  777.7 |
       Ossuary |    331 |    331 |      0 |     29 |    155 |   1 |  331.0 |
      Gauntlet |    673 |    673 |      0 |      0 |    281 |   1 |  673.0 |
               +--------+--------+--------+--------+--------+-----+--------+

Top non-repeatable levels by time:
     D:2: 1041 daAuts
    D:10: 1036 daAuts
     D:6: 1008 daAuts
    D:11: 982 daAuts
     D:3: 927 daAuts
     D:9: 923 daAuts
     D:1: 846 daAuts
     D:4: 717 daAuts
     D:7: 674 daAuts
Gauntlet: 673 daAuts
     D:5: 591 daAuts
     D:8: 478 daAuts
 Ossuary: 331 daAuts
    D:12: 104 daAuts
